 Dungeon Crawl Stone Soup version 0.16.1-25-gbcee3f8 (webtiles) character file.

49 sqallbeste the Ruffian (level 3, -2/28 HPs)
             Began as a Draconian Transmuter on May 21, 2015.
             Slain by a worm (10 damage)
             ... on level 2 of the Dungeon.
             The game lasted 00:20:35 (1779 turns).

sqallbeste the Ruffian (Draconian Transmuter)       Turns: 1779, Time: 00:20:35

Health: -2/28      AC:  5    Str: 13      XL:     3   Next: 53%
Magic:  6/6        EV: 12    Int: 11 (13) God:
Gold:   56         SH:  0    Dex: 11      Spells: 3 memorised, 0 levels left

rFire  . . .     SeeInvis .       - Unarmed
rCold  . . .     Clarity  .     (armour unavailable)
rNeg   . . .     SustAb   .     (no shield)
rPois  .         Gourm    .     (helmet restricted)
rElec  .         Spirit   .     (no cloak)
rCorr  .         Warding  .     (no gloves)
rMut   .         Stasis   .     (no boots)
MR     .....                    (no amulet)
Stlth  +.........               (no ring)
                                (no ring)

@: confused, not resistant to hostile enchantments, very unstealthy
A: unfitting armour, cold-blooded, AC +5
a: no special abilities


You were on level 2 of the Dungeon.
You were very full.

You visited 1 branch of the dungeon, and saw 2 of its levels.

You collected 56 gold pieces.

Inventory:

Hand weapons
 c - a +0 hand axe
 e - a +0 spear
Scrolls
 a - a scroll of teleportation {unknown}
 b - a scroll of identify {unknown}
Potions
 f - a potion of poison {unknown}
Books
 d - a book of Changes

   Spells                             Type                      Level
   a - Beastly Appendage              Transmutation                1
   b - Sticks to Snakes               Transmutation                2
   c - Spider Form                    Transmutation/Poison         3
   d - Ice Form                       Ice/Transmutation            4
   e - Blade Hands                    Transmutation                5


   Skills:
 + Level 1.2 Fighting
 - Level 2.2 Dodging
 * Level 4.1 Unarmed Combat
 - Level 2.1 Spellcasting
 - Level 2.0 Transmutations


You couldn't memorise any spells.
You knew the following spells:

 Your Spells              Type           Power        Failure   Level  Hunger
a - Beastly Appendage     Trmt           #.....       14%         1    ##.....
b - Sticks to Snakes      Trmt           #.........   21%         2    ###....
c - Spider Form           Trmt/Pois      #.........   61%         3    ####...


Dungeon Overview and Level Annotations

Branches:
Dungeon (2/15)

Altars:

Annotations:
D:2 Terence


Innate Abilities, Weirdness & Mutations

Your plain brown scales are hard (AC +5).
Your body does not fit into most forms of armour.
Your cold-blooded metabolism reacts poorly to cold.


Message History

The hobgoblin hits you but does no damage.
You bump into the rock wall.
The worm closely misses you. The hobgoblin hits you with a dagger.
You bump into the rock wall.
The hobgoblin hits you but does no damage.
The worm closely misses you.
You barely miss the hobgoblin.
The hobgoblin is lightly wounded.
The hobgoblin barely misses you.
You bump into the rock wall.
The hobgoblin hits you with a dagger.
* * * LOW HITPOINT WARNING * * *
You hit the hobgoblin but do no damage.
The hobgoblin is lightly wounded.
The worm closely misses you. Terence screams, "I want your blood!"
You bump into the rock wall.
The hobgoblin barely misses you.
Terence zaps a wand.
Your will is overpowered!
You are more confused.
The worm bites you!
You die...

####..##....##.# #..............#
#######.###)##.......###########
#.....#'###(##.......'..........
#..........)##.......#.#########
#............#.....###.### #
#..........#.#.....#.....# #
#......†.###+#g##.####.### #
#####....#....w@..##.....# #
#....#....@...####.### # .
######........##.....# # ..###
#..........####.#########
.....####....#..##.##.....##.....
####...#.....#.....####.####.####
#..##........#..#### #.####.#
....#.##...##.... #..(...#
)#..#.##...# ..>.. ######.#


You could see a worm, Terence and a hobgoblin.

Vanquished Creatures
  A worm (D:2)
  2 giant geckos (D:2)
  2 oozes
  4 giant cockroaches
  8 goblins
  A hobgoblin (D:1)
  3 jackals (D:2)
  4 bats
  2 giant newts (D:1)
  5 kobolds
  5 rats
37 creatures vanquished.

Notes
Turn   | Place    | Note
--------------------------------------------------------------
     0 | D:1      | sqallbeste, the Draconian Transmuter, began the quest for the Orb.
     0 | D:1      | Reached XP level 1. HP: 16/16 MP: 3/3
   530 | D:1      | Reached XP level 2. HP: 7/23 MP: 4/4
   539 | D:1      | Learned a level 2 spell: Sticks to Snakes
  1092 | D:2      | Reached XP level 3. HP: 19/28 MP: 6/6
  1150 | D:2      | Learned a level 3 spell: Spider Form
  1395 | D:2      | Reached skill level 4 in Unarmed Combat
  1737 | D:2      | Noticed Terence
  1779 | D:2      | Slain by a worm

Action                   || total
-------------------------++-------
Melee: Unarmed           ||   152
Throw: Stone             ||     8
 Cast: Beastly Appendage ||     2
  Use: Potion            ||     1
 Stab: Sleeping          ||     1
  Eat: Bread ration      ||     2
       Meat ration       ||     1
